2022 views
Uploaded 2022-12-16 15:50:28
Game version 1.32.10
18:51 long 2on2 ladder game on (4)SynergyBigPaved
Saved by DKnight
2022 views
Uploaded 2022-12-16 15:50:28
Game version 1.32.10
18:51 long 2on2 ladder game on (4)SynergyBigPaved


62 units @ 9.6k
/ 0.8k
24 buildings @ 3.9k
/ 1.4k


| Rod of Necromancy | 2 | 300 |
| Orb of Corruption | 2 | 750 |
| Scroll of Healing | 1 | 250 |
| Scroll of Town Portal | 1 | 350 |
| total: | 6 | 1650g |
| Acolyte | 4 | 300 | / | 0 |
| Ghoul | 8 | 960 | / | 0 |
| Crypt Fiend | 8 | 1720 | / | 320 |
| Obsidian Statue | 3 | 600 | / | 105 |
| Abomination | 2 | 480 | / | 140 |
| total: | 25 | 4060g | / | 565w |
| Nerubian Tower | 1 | 100 | / | 20 |
| Spirit Tower | 2 | 290 | / | 80 |
| Crypt | 1 | 200 | / | 50 |
| Altar of Darkness | 1 | 180 | / | 50 |
| Ziggurat | 4 | 600 | / | 200 |
| Tomb of Relics | 1 | 130 | / | 30 |
| Graveyard | 1 | 215 | / | 0 |
| Slaughterhouse | 1 | 140 | / | 135 |
| Halls of the Dead | 1 | 320 | / | 210 |
| Black Citadel | 1 | 325 | / | 230 |
| total: | 9 | 1465g | / | 465w |
| 0:03 | Acolyte |
| 0:03 | Acolyte |
| 0:09 | Crypt |
| 0:11 | Altar of Darkness |
| 0:33 | Ziggurat |
| 0:53 | Acolyte |
| 0:57 | Tomb of Relics |
| 1:15 | Ghoul |
| 1:29 | Ghoul |
| 1:36 | Ziggurat |
| 2:02 | Ghoul |
| 2:13 | Ghoul |
| 2:20 | Rod of Necromancy |
| 2:21 | Death Coil |
| 2:58 | Halls of the Dead |
| 3:03 | Ghoul |
| 3:20 | Graveyard |
| 3:35 | Ghoul |
| 4:12 | Ziggurat |
| 4:20 | Unholy Aura |
| 4:21 | Ghoul |
| 4:40 | Nerubian Tower |
| 4:50 | Ghoul |
| 5:33 | Acolyte |
| 5:46 | Crypt Fiend |
| 5:50 | Rod of Necromancy |
| 6:18 | Slaughterhouse |
| 6:50 | Frost Nova |
| 6:51 | Black Citadel |
| 7:06 | Crypt Fiend |
| 7:09 | Ziggurat |
| 7:47 | Burrow |
| 7:58 | Scroll of Healing |
| 8:12 | Spirit Tower |
| 8:13 | Obsidian Statue |
| 8:41 | Death Coil |
| 9:26 | Crypt Fiend |
| 9:27 | Obsidian Statue |
| 9:51 | Dark Ritual |
| 10:13 | Scroll of Town Portal |
| 10:18 | Orb of Corruption |
| 10:18 | Orb of Corruption |
| 10:45 | Ghoul Frenzy |
| 10:51 | Creature Attack |
| 11:47 | Crypt Fiend |
| 11:49 | Obsidian Statue |
| 11:55 | Web |
| 12:19 | Frost Nova |
| 12:30 | Crypt Fiend |
| 13:12 | Crypt Fiend |
| 13:13 | Unholy Aura |
| 13:58 | Crypt Fiend |
| 13:58 | Abomination |
| 14:17 | Crypt Fiend |
| 14:17 | Abomination |
| 14:48 | Improved Creature Attack |
| 15:23 | Creature Carapace |
| 16:26 | Death Coil |
| 16:51 | Frost Armor |
| Right click | 1010 |
| Select group | 794 |
| Select | 282 |
| Misc. action | 95 |
| Build/train/purchase | 79 |
| Assign group | 33 |
| Use ability | 22 |
| Chat | 12 |
| Resource trade | 5 |
| Item give/drop | 1 |
| Esc | 1 |
| Minimap ping | 1 |


| Healing Salve | 4 | 400 |
| Scroll of Speed | 1 | 50 |
| Lesser Clarity Potion | 2 | 140 |
| Potion of Mana | 1 | 200 |
| Scroll of Town Portal | 1 | 350 |
| total: | 9 | 1140g |
| Peon | 9 | 675 | / | 0 |
| Grunt | 17 | 3400 | / | 0 |
| Shaman | 8 | 1040 | / | 160 |
| Troll Witch Doctor | 3 | 435 | / | 75 |
| total: | 37 | 5550g | / | 235w |
| Altar of Storms | 1 | 180 | / | 50 |
| Orc Burrow | 7 | 1120 | / | 280 |
| Barracks | 2 | 360 | / | 100 |
| Voodoo Lounge | 1 | 130 | / | 30 |
| War Mill | 1 | 205 | / | 0 |
| Spirit Lodge | 3 | 450 | / | 450 |
| Stronghold | 2 | 630 | / | 380 |
| Fortress | 2 | 650 | / | 380 |
| total: | 15 | 2445g | / | 910w |
| 0:01 | Peon |
| 0:02 | Peon |
| 0:05 | Altar of Storms |
| 0:18 | Orc Burrow |
| 0:34 | Barracks |
| 0:35 | Peon |
| 0:44 | Peon |
| 0:57 | Peon |
| 1:21 | Peon |
| 1:26 | Orc Burrow |
| 1:36 | Grunt |
| 1:36 | Grunt |
| 1:53 | Voodoo Lounge |
| 1:57 | Peon |
| 1:58 | Peon |
| 2:07 | Endurance Aura |
| 2:13 | Peon |
| 2:24 | Grunt |
| 2:25 | Grunt |
| 2:59 | Stronghold |
| 3:06 | Healing Salve |
| 3:32 | Grunt |
| 3:49 | Orc Burrow |
| 4:05 | Grunt |
| 4:08 | Shockwave |
| 4:22 | War Mill |
| 5:00 | Scroll of Speed |
| 5:00 | Healing Salve |
| 5:24 | Berserker Strength |
| 5:48 | Spirit Lodge |
| 5:51 | Spirit Lodge |
| 6:22 | Grunt |
| 6:30 | Healing Salve |
| 6:30 | Healing Salve |
| 6:32 | Healing Wave |
| 6:37 | Shockwave |
| 6:49 | Orc Burrow |
| 7:15 | Shaman |
| 7:18 | Fortress |
| 7:41 | Shaman Adept Training |
| 7:41 | Shaman Master Training |
| 7:43 | Spirit Lodge |
| 8:27 | Grunt |
| 8:32 | Hex |
| 8:36 | Grunt |
| 9:01 | Shaman |
| 9:32 | Grunt |
| 10:10 | Shaman |
| 10:11 | Steel Armor |
| 10:21 | Lesser Clarity Potion |
| 10:24 | Lesser Clarity Potion |
| 10:25 | Potion of Mana |
| 10:34 | Scroll of Town Portal |
| 10:46 | Shaman |
| 11:43 | Grunt |
| 11:44 | Shaman |
| 11:46 | Endurance Aura |
| 11:55 | Shaman |
| 11:57 | Healing Wave |
| 12:12 | Grunt |
| 12:48 | Orc Burrow |
| 13:29 | Grunt |
| 13:35 | Shaman |
| 14:03 | Grunt |
| 14:03 | Shaman |
| 14:13 | Hex |
| 14:26 | Grunt |
| 14:28 | Pillage |
| 14:53 | Barracks |
| 15:24 | Witch Doctor Adept Training |
| 15:47 | Shockwave |
| 16:11 | Orc Burrow |
| 16:12 | Orc Burrow |
| 16:14 | Thorium Armor |
| 16:26 | Witch Doctor Master Training |
| 16:57 | Grunt |
| 16:58 | Troll Witch Doctor |
| 17:45 | Troll Witch Doctor |
| 17:54 | Troll Witch Doctor |
| 17:55 | Grunt |
| Select group | 1626 |
| Right click | 986 |
| Select | 470 |
| Misc. action | 454 |
| Build/train/purchase | 94 |
| Assign group | 78 |
| Use ability | 53 |
| Esc | 4 |
| Minimap ping | 2 |
| Item give/drop | 1 |
| Remove unit | 1 |
44 units @ 8.1k
/ 1.4k
29 buildings @ 4.9k
/ 1.8k



| Rod of Necromancy | 3 | 450 |
| Orb of Corruption | 1 | 375 |
| Scroll of Town Portal | 1 | 350 |
| total: | 5 | 1175g |
| Acolyte | 2 | 150 | / | 0 |
| Ghoul | 4 | 480 | / | 0 |
| Crypt Fiend | 9 | 1935 | / | 360 |
| Obsidian Statue | 4 | 800 | / | 140 |
| total: | 19 | 3365g | / | 500w |
| Crypt | 7 | 1400 | / | 350 |
| Graveyard | 1 | 215 | / | 0 |
| Altar of Darkness | 1 | 180 | / | 50 |
| Ziggurat | 6 | 900 | / | 300 |
| Tomb of Relics | 1 | 130 | / | 30 |
| Slaughterhouse | 3 | 420 | / | 405 |
| Halls of the Dead | 1 | 320 | / | 210 |
| Black Citadel | 1 | 325 | / | 230 |
| total: | 19 | 3245g | / | 1135w |
| 0:02 | Acolyte |
| 0:04 | Crypt |
| 0:05 | Crypt |
| 0:05 | Crypt |
| 0:06 | Crypt |
| 0:06 | Crypt |
| 0:06 | Crypt |
| 0:06 | Crypt |
| 0:08 | Graveyard |
| 0:17 | Acolyte |
| 0:41 | Altar of Darkness |
| 0:56 | Ziggurat |
| 1:09 | Ghoul |
| 1:22 | Tomb of Relics |
| 1:46 | Crypt Fiend |
| 1:58 | Ziggurat |
| 2:20 | Crypt Fiend |
| 2:43 | Rod of Necromancy |
| 2:52 | Death Coil |
| 2:59 | Crypt Fiend |
| 3:24 | Crypt Fiend |
| 3:30 | Ghoul |
| 3:46 | Halls of the Dead |
| 3:53 | Unholy Aura |
| 4:11 | Crypt Fiend |
| 4:20 | Ziggurat |
| 4:23 | Ghoul |
| 5:27 | Ghoul |
| 5:31 | Rod of Necromancy |
| 6:04 | Death Coil |
| 6:08 | Black Citadel |
| 6:11 | Slaughterhouse |
| 6:32 | Ziggurat |
| 6:39 | Slaughterhouse |
| 6:43 | Creature Attack |
| 7:31 | Obsidian Statue |
| 7:33 | Burrow |
| 8:11 | Obsidian Statue |
| 8:12 | Creature Carapace |
| 9:09 | Rod of Necromancy |
| 9:09 | Orb of Corruption |
| 9:10 | Destroyer Form |
| 9:37 | Scroll of Town Portal |
| 9:50 | Crypt Fiend |
| 9:51 | Slaughterhouse |
| 10:12 | Frost Nova |
| 10:56 | Ziggurat |
| 10:57 | Ziggurat |
| 10:59 | Crypt Fiend |
| 11:19 | Black Arrow |
| 11:27 | Frost Armor |
| 11:49 | Unholy Aura |
| 12:20 | Obsidian Statue |
| 12:37 | Obsidian Statue |
| 13:03 | Crypt Fiend |
| 13:54 | Crypt Fiend |
| 14:11 | Silence |
| Select group | 1755 |
| Right click | 1488 |
| Select | 266 |
| Misc. action | 93 |
| Build/train/purchase | 75 |
| Assign group | 48 |
| Use ability | 45 |
| Esc | 4 |
| Item give/drop | 2 |


| Rod of Necromancy | 2 | 300 |
| Orb of Corruption | 1 | 375 |
| Potion of Healing | 1 | 150 |
| total: | 4 | 825g |
| Acolyte | 5 | 375 | / | 0 |
| Ghoul | 3 | 360 | / | 0 |
| Crypt Fiend | 12 | 2580 | / | 480 |
| Obsidian Statue | 2 | 400 | / | 70 |
| Abomination | 1 | 240 | / | 70 |
| Frost Wyrm | 2 | 770 | / | 240 |
| total: | 25 | 4725g | / | 860w |
| Crypt | 1 | 200 | / | 50 |
| Graveyard | 1 | 215 | / | 0 |
| Altar of Darkness | 1 | 180 | / | 50 |
| Ziggurat | 4 | 600 | / | 200 |
| Tomb of Relics | 1 | 130 | / | 30 |
| Slaughterhouse | 1 | 140 | / | 135 |
| Boneyard | 1 | 175 | / | 200 |
| Halls of the Dead | 2 | 640 | / | 420 |
| Black Citadel | 2 | 650 | / | 460 |
| total: | 10 | 1640g | / | 665w |
| 0:02 | Acolyte |
| 0:06 | Crypt |
| 0:15 | Graveyard |
| 0:22 | Acolyte |
| 0:41 | Altar of Darkness |
| 0:58 | Ziggurat |
| 1:11 | Ghoul |
| 1:11 | Ghoul |
| 1:27 | Tomb of Relics |
| 1:48 | Crypt Fiend |
| 1:49 | Crypt Fiend |
| 2:03 | Ziggurat |
| 2:22 | Crypt Fiend |
| 2:22 | Crypt Fiend |
| 2:44 | Rod of Necromancy |
| 2:50 | Death Coil |
| 2:58 | Crypt Fiend |
| 2:58 | Crypt Fiend |
| 3:49 | Halls of the Dead |
| 4:01 | Crypt Fiend |
| 4:14 | Ziggurat |
| 4:27 | Creature Attack |
| 4:36 | Unholy Aura |
| 4:46 | Ghoul |
| 5:07 | Crypt Fiend |
| 5:56 | Death Coil |
| 6:14 | Slaughterhouse |
| 7:05 | Black Citadel |
| 7:09 | Frost Nova |
| 7:10 | Rod of Necromancy |
| 7:24 | Obsidian Statue |
| 7:27 | Ziggurat |
| 8:52 | Crypt Fiend |
| 9:20 | Obsidian Statue |
| 9:58 | Boneyard |
| 10:06 | Crypt Fiend |
| 10:11 | Acolyte |
| 10:33 | Orb of Corruption |
| 10:35 | Abomination |
| 10:39 | Crypt Fiend |
| 11:11 | Frost Wyrm |
| 11:13 | Acolyte |
| 11:20 | Unholy Aura |
| 12:18 | Frost Wyrm |
| 12:32 | Acolyte |
| 12:40 | Crypt Fiend |
| 13:21 | Potion of Healing |
| Right click | 1146 |
| Select group | 452 |
| Select | 376 |
| Build/train/purchase | 60 |
| Assign group | 55 |
| Use ability | 23 |
| Misc. action | 13 |
| Minimap ping | 9 |
| Item give/drop | 3 |